 Dungeon Crawl Stone Soup version 0.29-a0-993-g4a18f31a58 (webtiles) character file.

Game seed: 11832992473639288714

6 vurker the Sneak (level 1, 5/9 HPs)
             Began as a Vine Stalker Enchanter on Aug 2, 2022.
             Was a Follower of Fedhas.
             Quit the game on level 1 of the Dungeon.
             The game lasted 00:00:24 (59 turns).

vurker the Sneak (Vine Stalker Enchanter)             Turns: 59, Time: 00:00:24

Health: 5/9        AC:  2    Str: 10    XL:     1   Next: 90%
Magic:  4/4        EV: 12    Int: 15    God:    Fedhas [*.....]
Gold:   0          SH:  0    Dex: 14    Spells: 4/4 levels left

rFire   . . .      SeeInvis .   a - +1 dagger
rCold   . . .      Faith    .   (no shield)
rNeg    . . .      Spirit   +   b - +0 robe
rPois   .          Reflect  .   (no helmet)
rElec   .          Harm     .   (no cloak)
rCorr   .          Rampage  .   (no gloves)
Will    .....                   (no boots)
Stlth   ++........              (no amulet)
HPRegen 0.03/turn               (no ring)
MPRegen 0.09/turn               (no ring)

@: no status effects
A: fangs 2, magic shield, antimagic bite, no potion heal 2
a: Renounce Religion


You were on level 1 of the Dungeon.
You worshipped Fedhas.
Fedhas was aware of your devotion.
You visited 1 branch of the dungeon, and saw 1 of its levels.

Inventory:

Hand Weapons
 a - a +1 dagger (weapon)
Armour
 b - a +0 robe (worn)
Scrolls
 d - a scroll of vulnerability {unknown}
 e - a scroll of identify {unknown}
Potions
 c - 2 potions of invisibility


   Skills:
 + Level 0.4 Fighting
 - Level 0.8 Short Blades
 - Level 1.5 Dodging
 - Level 3.6 Stealth
 * Level 1.1 Unarmed Combat
 - Level 2.1 Spellcasting
 - Level 3.0 Hexes


You had 4 spell levels left.
You didn't know any spells.
Your spell library contained the following spells:

 Spells                   Type           Power      Damage    Failure   Level
 Ensorcelled Hibernation  Hex/Ice        12%        N/A       19%         2
 Confusing Touch          Hex            10%        N/A       19%         3
 Tukima's Dance           Hex            10%        N/A       19%         3
 Dazzling Flash           Conj/Hex       12%        N/A       34%         3


Dungeon Overview and Level Annotations

Branches:
Dungeon (1/15)

Altars:
Fedhas


Innate Abilities, Weirdness & Mutations

You have extremely sharp teeth.
When hurt, damage is shared between your health and your magic reserves.
Your bite disrupts and absorbs the magic of your enemies.
Potions cannot restore your health.


Message History

You hit the endoplasm. The endoplasm closely misses you.
You hit the endoplasm.
You kill the endoplasm!
The quokka barely misses you.
You closely miss the quokka. You bite the quokka, but do no damage.
The quokka bites you. The quokka misses you.
You hit the quokka. The quokka closely misses you.
You closely miss the quokka. You bite the quokka.
You kill the quokka!
A kobold comes into view. It is wielding a +0 dagger.
The kobold shouts!
A quokka comes into view.
The kobold misses you.
You closely miss the kobold. The kobold misses you.
You barely miss the kobold. The kobold hits you with a +0 dagger.
You hit the kobold but do no damage. The kobold closely misses you.
You closely miss the kobold. The kobold hits you with a +0 dagger.
* * * LOW HITPOINT WARNING * * *
You hit the kobold.
You kill the kobold!
You see here a +0 dagger.
A goblin is nearby!
A quokka is nearby!
You see here a +0 dagger.
The goblin shouts!
Found a faded altar of an unknown god.
The goblin closely misses you.
You hit the goblin. Your bite misses the goblin. The goblin barely misses you.
The quokka attacks as you move away!
The quokka bites you but does no damage. x2
The goblin attacks as you move away! The goblin hits you but does no damage.
You see here a +0 dagger.
You miss the goblin. The goblin hits you but does no damage.
You hit the goblin.
You kill the goblin!
You hit the quokka. You bite the quokka.
You kill the quokka!
Your Unarmed Combat skill increases to level 1!
Things that are here:
a +0 dagger; a +0 dagger; a quokka corpse
Found 15 gold pieces.
Found 15 gold pieces.
e - a scroll labelled OMENAM IWOBYUV
There are no items here.
Found 15 gold pieces.
There is a faded altar of an unknown god here.
You cannot tell which god this altar belongs to.
Convert to them anyway?
Fedhas accepts your prayer! Fedhas welcomes you!
The plants of the dungeon cease their hostilities.

..##..#.............
#.......##.#.##..###
..
##....................
####...##.#..##.###.#
#...##............
#....)..#...#..#.
###.##..#...#..# .
#.##..#...#..#....
#.##......@.......
#.###............. #.#
#.#......#...# #.#
#.#......# $.# #.
#.#......# . .........
######.... ##..#


There were no monsters in sight!

Vanquished Creatures
  An endoplasm (D:1)
  A goblin (D:1)
  2 quokkas (D:1)
  A kobold (D:1)
5 creatures vanquished.

Notes
Turn   | Place    | Note
-------+----------+-------------------------------------------
     0 | D:1      | vurker the Vine Stalker Enchanter began the quest for the
                  | Orb.
     0 | D:1      | Reached XP level 1. HP: 9/9 MP: 4/4
    37 | D:1      | Found a faded altar of an unknown god.
    45 | D:1      | Reached skill level 1 in Unarmed Combat
    58 | D:1      | Prayed at the altar of an unknown god.
    58 | D:1      | Became a worshipper of Fedhas Madash
    58 | D:1      | Reached * piety under Fedhas
    59 | D:1      | Quit the game

Illustrated notes

Levels and vault maps discovered:
D:1:      amcnicky_arrival_wind_blow, layout_basic,
          hellmonk_ecumenical_altar_lost_god

Skill      XL: |  1 |
---------------+----+-----
Unarmed Combat | 1 |  1.1
Fighting       | |  0.4
Short Blades   | |  0.8
Dodging        | |  1.5
Stealth        | |  3.6
Spellcasting   | |  2.1
Hexes          | |  3.0

Action                   || total
-------------------------++-------
Melee: Dagger            ||    16
       Bite              ||     4
Armor: Robe              ||     4
Dodge: Dodged            ||    10

Table legend: (Time is in decaauts)
 A = Elapsed time spent in this place.
 B = Non-inter-level travel time spent in this place.
 C = Inter-level travel time spent in this place.
 D = Time resting spent in this place.
 E = Time spent auto-exploring this place.
 F = Levels seen in this place.
 G = Mean time per level.
                   A        B        C        D        E       F      G
               +--------+--------+--------+--------+--------+-----+--------+
         Total |     58 |     58 |      0 |      0 |      9 |   1 |   58.0 |
       Dungeon |     58 |     58 |      0 |      0 |      9 |   1 |   58.0 |
               +--------+--------+--------+--------+--------+-----+--------+

Top non-repeatable levels by time:
     D:1: 58 daAuts
